 Dungeon Crawl Stone Soup version 0.21-a0-584-g185da8e1cd (webtiles) character file.

31 Banto the Covered (level 2, 0/23 HPs)
             Began as a Demigod Wanderer on Dec 21, 2017.
             Slain by a frilled lizard (2 damage)
             ... on level 2 of the Dungeon.
             The game lasted 00:00:30 (262 turns).

Banto the Covered (Demigod Wanderer)                 Turns: 262, Time: 00:00:30

Health: 0/23       AC:  6    Str: 16    XL:     2   Next: 90%
Magic:  4/4        EV: 10    Int: 15    God:
Gold:   6          SH:  0    Dex: 15    Spells: 1/1 levels left

rFire    . . .     SeeInvis .   a - +2 hand axe
rCold    . . .     Gourm    .   (no shield)
rNeg     . . .     Faith    .   c - +0 ring mail
rPois    .         Spirit   .   (no helmet)
rElec    .         Reflect  .   (no cloak)
rCorr    .         Harm     .   (no gloves)
MR       .....                  (no boots)
Stlth    +.........             (no amulet)
HPRegen  0.07/turn              (no ring)
MPRegen  0.09/turn              (no ring)

@: no status effects
A: high mp 1
a: no special abilities


You were on level 2 of the Dungeon.
You were not hungry.

You visited 1 branch of the dungeon, and saw 2 of its levels.

You collected 6 gold pieces.

Inventory:

Hand Weapons
 a - a +2 hand axe (weapon)
Armour
 c - a +0 ring mail (worn)
Scrolls
 e - a scroll of enchant weapon {unknown}
Potions
 b - a potion of lignification
 f - a potion of mutation {unknown}
 g - a potion of agility {unknown}
Comestibles
 d - 3 rations


   Skills:
 + Level 1.1 Fighting
 + Level 1.9 Axes
   Level 1.0 Bows
 + Level 4.4 Armour
 + Level 1.0 Stealth
   Level 1.0 Shields


You had one spell level left.
You didn't know any spells.

Dungeon Overview and Level Annotations

Branches:
Dungeon (2/15)


Innate Abilities, Weirdness & Mutations

You have an increased reservoir of magic. (+10% MP)


Message History

You barely miss the worm.
The worm is almost dead.
You hit the worm.
You kill the worm!
g - a coppery potion A frilled lizard comes into view.
A frilled lizard is nearby!
A frilled lizard is nearby!
A frilled lizard is nearby!
You are too injured to fight recklessly!
You miss the frilled lizard.
The frilled lizard bites you but does no damage.
You miss the frilled lizard.
The frilled lizard bites you but does no damage.
The frilled lizard barely misses you.
You barely miss the frilled lizard. The frilled lizard barely misses you.
You barely miss the frilled lizard.
The frilled lizard bites you but does no damage.
You barely miss the frilled lizard. The frilled lizard bites you.
You die...

........†'_'....................
##..(..###'###.#.####.#...#######
#.....# #.# #.#.# #.#.........#
#####.###.###...####.#.........#
#................##.....[..#
######...#..####. #<.......#
#....[..###.# #........#
#.......# #l# ....♣.....#
#.......# #@# ..♣♣♣♣♣♣...#
#.......# #.# ♣. ♣♣♣..♣..#
######+## #.## ♣....♣..+
#.####..# ♣..♣♣..†# #.....#....♣
♣♣♣ ♣♣.†# #.....#...♣♣ ♣...#
..#.....##..♣ ♣.♣.# #.......# ..♣
♣...# #.......# ..♣ ♣.♣.#


You could see a frilled lizard.

Vanquished Creatures
  An adder (D:2)
  3 worms (D:2)
  A goblin (D:1)
  2 hobgoblins
  2 jackals (D:2)
  A frilled lizard (D:1)
  2 kobolds (D:1)
  2 rats (D:2)
14 creatures vanquished.

Notes
Turn   | Place    | Note
-------+----------+-------------------------------------------
     0 | D:1      | Banto the Demigod Wanderer began the quest for the Orb.
     0 | D:1      | Banto set off with: a +2 hand axe, a potion of lignification, a +0 ring mail, a ration
     0 | D:1      | Reached XP level 1. HP: 16/16 MP: 3/3
   123 | D:2      | Reached skill level 4 in Armour
   132 | D:2      | Reached XP level 2. HP: 21/23 MP: 4/4
   188 | D:2      | Found a snail-covered altar of Cheibriados.
   246 | D:2      | HP: 1/23 [worm (6)]
   262 | D:2      | Slain by a frilled lizard

Vault maps used:
D:1:      dpeg_arrival_simpleton_a
D:2:      lemuel_doored_altar, nicolae_ru_sacrificial_ziggurat, first_ration,
          chequers_ecumenical_altar_grove, hangedman_abyss_or_decor_stabs

Skill      XL: |  1 |
---------------+----+-----
Armour         | 4 |  4.4
Fighting       | |  1.1
Axes           | |  1.9
Bows           | |  1.0
Stealth        | |  1.0
Shields        | |  1.0

Action                   || total
-------------------------++-------
Melee: Hand axe          ||    50
Armor: Ring mail         ||    15
Dodge: Dodged            ||    19

Table legend:
 A = Spawn XP
 B = Non-spawn XP
 C = Spawn XP percentage of total XP
 D = Spawn monster count
 E = Non-spawn monster count
 F = Spawn count percentage of total count
 G = Total turns spent on level
                    A         B        C        D         E        F      G
               +---------+---------+-------+---------+---------+-------+---------
         Total |       0 |      45 |   0.0 |       0 |      14 |   0.0 |   262
               +---------+---------+-------+---------+---------+-------+---------
           D:1 |       0 |       8 |   0.0 |       0 |       5 |   0.0 |    98
           D:2 |       0 |      37 |   0.0 |       0 |       9 |   0.0 |   164
               +---------+---------+-------+---------+---------+-------+---------

Table legend:
 A = Turns spent in this place as a percentage of turns spent in the entire game.
 B = Non-inter-level travel turns spent in this place as a percentage of non-inter-level travel turns spent in the entire game.
 C = Inter-level travel turns spent in this place as a percentage of turns spent in this place.
 D = Turns resting spent in this place as a percentage of non-inter-level travel turns spent in this place.
 E = Turns spent auto-exploring this place as a percentage of non-inter-level travel turns spent in this place.
 F = Non-inter-level travel turns spent in this place divided by the number of levels of this place that you've seen.
                   A       B       C       D       E      F
               +-------+-------+-------+-------+-------+----------------------
         Total | 100.0 | 100.0 |   7.6 |   0.0 |  52.1 | 121.0
       Dungeon | 100.0 | 100.0 |   7.6 |   0.0 |  52.1 | 121.0
               +-------+-------+-------+-------+-------+----------------------

Table legend:
 A = Kills in this place as a percentage of kills in entire the game.
 B = Kills by you in this place as a percentage of kills by you in the entire game.
 C = Kills by friends in this place as a percentage of kills by friends in the entire game.
 D = Other kills in this place as a percentage of other kills in the entire game.
 E = Experience gained in this place as a percentage of experience gained in the entire game.
 F = Experience gained in this place divided by the number of levels of this place that you have seen.
                   A       B       C       D       E      F
               +-------+-------+-------+-------+-------+----------------------
         Total | 100.0 | 100.0 |   N/A |   N/A | 100.0 |  22.5
       Dungeon | 100.0 | 100.0 |   N/A |   N/A | 100.0 |  22.5
               +-------+-------+-------+-------+-------+----------------------
